 Dungeon Crawl Stone Soup version 0.18.1-47-g9310371 (console) character file.

191 Kloppie the Cudgeler (level 5, 0/85 HPs)
             Began as an Ogre Berserker on June 22, 2016.
             Was a Priest of Trog.
             Slain by a crimson imp (2 damage)
             ... summoned by Eustachio
             ... on level 4 of the Dungeon.
             The game lasted 00:03:30 (2738 turns).

Kloppie the Cudgeler (Ogre Berserker)               Turns: 2738, Time: 00:03:31

Health: 0/85       AC:  2    Str: 27      XL:     5   Next: 70%
Magic:  5/5        EV:  9    Int:  6      God:    Trog [***...]
Gold:   244        SH:  0    Dex:  3 (10) Spells: 0 memorised, 4 levels left

rFire  . . .     SeeInvis .     a - +0 mace
rCold  . . .     Gourm    .     b - +0 animal skin
rNeg   . . .     Faith    .     (no shield)
rPois  .         Spirit   .     (helmet restricted)
rElec  .         Dismiss  .     f - -2 cloak (curse)
rCorr  .         Reflect  .     (gloves unavailable)
SustAt .         Harm     .     (boots unavailable)
MR     ++...                    (no amulet)
Stlth  ..........               (no ring)
                                (no ring)

@: berserking (expiring), regenerating, very quick, very resistant to hostile
enchantments, extremely unstealthy
A: unfitting armour, tough skin 1
a: Berserk, Trog's Hand, Burn Spellbooks, Renounce Religion


You were on level 4 of the Dungeon.
You worshipped Trog.
Trog was most pleased with you.
You were hungry.

You visited 1 branch of the dungeon, and saw 4 of its levels.

You collected 244 gold pieces.

Inventory:

Hand Weapons
 a - a +0 mace (weapon)
 s - a +0 flail
Armour
 b - a +0 animal skin (worn)
 f - a cursed -2 cloak (worn)
Scrolls
 g - a scroll of recharging {unknown}
 h - 5 scrolls of remove curse {unknown}
 k - a scroll of teleportation {unknown}
 m - 2 scrolls of noise {unknown}
 n - a scroll of identify {unknown}
 o - a scroll of immolation {unknown}
 q - a scroll of amnesia {unknown}
 w - a scroll of blinking {unknown}
Potions
 d - a potion of lignification {unknown}
 e - a potion of heal wounds {unknown}
 i - a potion of ambrosia {unknown}
 j - a potion of flight {unknown}
 l - a potion of might {unknown}
 p - a potion of curing {unknown}
 r - a potion of haste {unknown}
 z - a potion of mutation {unknown}
Comestibles
 c - 3 bread rations
 t - a beef jerky
 u - a slice of pizza
 v - a meat ration
 x - 4 chunks of flesh


   Skills:
 + Level 5.4 Fighting
 + Level 5.7 Maces & Flails
 + Level 4.1 Dodging


You had 4 spell levels left.
You didn't know any spells.

Dungeon Overview and Level Annotations

Branches:
Dungeon (4/15)
 Temple: D:4-7

Altars:
Zin

Annotations:
D:4 Eustachio


Innate Abilities, Weirdness & Mutations

You are too large for most types of armour.
You have tough skin (AC +1).


Message History

The quasit barely misses you. The quasit misses you. The quokka bites you.
* * * LOW HITPOINT WARNING * * *
The quokka bites you.
* * * LOW HITPOINT WARNING * * *
The crimson imp barely misses you. The quasit barely misses you.
The quasit claws you but does no damage. x2
You closely miss Eustachio.
Eustachio is almost dead.
The quokka closely misses you. Eustachio barely misses you.
The rat bites you but does no damage. The quokka bites you.
* * * LOW HITPOINT WARNING * * *
The quasit closely misses you. The quasit claws you.
* * * LOW HITPOINT WARNING * * *
The quasit claws you.
* * * LOW HITPOINT WARNING * * *
You feel clumsy.
You closely miss Eustachio.
Eustachio is almost dead.
The crimson imp hits you.
You die...

#.#.#.....###.....########
#.........................
.......#######.#..#######.
.......# #.#..# .......#
#.#..# .......# #.#..#
####+### #.#[.#
########.#5r#
........55@.#
.........r@r#
########....# ####.# .# .#
.# .#


You could see Eustachio, an iron imp, a quasit, a crimson imp, 2 quokkas and a
rat.

Vanquished Creatures
  A worker ant (D:4)
  4 adders
  4 gnolls (D:2)
  An ooze (D:2)
  3 worms
  A dart slug (D:2)
  3 giant geckos
  7 orcs
  2 ball pythons
  5 giant cockroaches
  9 goblins
  7 hobgoblins
  2 jackals (D:1)
  A quokka (D:2)
  12 bats
  2 giant newts (D:1)
  4 rats
68 creatures vanquished.

Notes
Turn   | Place    | Note
--------------------------------------------------------------
     0 | D:1      | Kloppie the Ogre Berserker began the quest for the Orb.
     0 | D:1      | Reached XP level 1. HP: 24/24 MP: 1/1
   109 | D:1      | Reached XP level 2. HP: 21/32 MP: 2/2
   406 | D:1      | Reached ** piety under Trog
   406 | D:1      | Reached XP level 3. HP: 26/40 MP: 3/3
   733 | D:2      | Reached skill level 5 in Maces & Flails
   733 | D:2      | Reached XP level 4. HP: 27/49 MP: 4/4
   743 | D:2      | HP: 3/73 [gnoll/spear (4)]
   744 | D:2      | Reached skill level 5 in Fighting
  1407 | D:2      | Reached XP level 5. HP: 56/57 MP: 5/5
  1514 | D:2      | Found a glowing silver altar of Zin.
  2069 | D:3      | Reached *** piety under Trog
  2711 | D:4      | Noticed Eustachio
  2736 | D:4      | HP: 4/85 [quokka[Eustachio] (2)]
  2737 | D:4      | HP: 1/85 [quasit[Eustachio] (1)]
  2738 | D:4      | Slain by a crimson imp

Skill      XL: |  1  2  3  4  5 |
---------------+----------------+-----
Dodging        | 3 4 |  4.1
Maces & Flails | 5 |  5.7
Fighting       | 5 |  5.4

Action                   |  1- 3 |  4- 6 || total
-------------------------+-------+-------++-------
Melee: Mace              |    74 |   130 ||   204
Invok: Berserk           |     2 |     3 ||     5
       Trog's Hand       |       |     2 ||     2
  Eat: Meat ration       |     1 |       ||     1
       Chunk             |       |     5 ||     5
Armor: Animal skin       |    31 |    53 ||    84
Dodge: Dodged            |    67 |    94 ||   161
